[Event "Titled Tuesday Blitz August 15 Late 2023"]
[White "Hirneise, Jens"]
[Black "Nakamura, Hikaru"]
[WhiteFideId "24614734"]
[BlackFideId "2016192"]
[WhiteElo "2504"]
[BlackElo "3231"]
[Result "0-1"]
[Round "1"]
[TimeControl "180+1"]
[Date "2023.08.15"]
[WhiteClock "0:00:00"]
[BlackClock "0:01:37"]
[Board "1"]

1. Nf3 g6 2. e4 c6 3. d4 d5 4. e5 Bg4 5. Be2 Bh6 6. Nbd2 e6 7. O-O Nd7 8. Nb3 Bxc1 9. Rxc1 Bxf3 10. Bxf3 Ne7 11. Qd2 a5 12. Rce1 a4 13. Nc1 c5 14. dxc5 Qa5 15. c3 Nxc5 16. a3 Qb6 17. Ne2 Nb3 18. Qf4 O-O 19. Rd1 Rac8 20. Qg5 Qd8 21. Nd4 Nc6 22. Qxd8 Rfxd8 23. Nxb3 axb3 24. Rfe1 d4 25. cxd4 Nxd4 26. Bxb7 Rc2 27. Rb1 Ne2+ 28. Kf1 Rdd2 29. Be4 Nd4 30. Kg1 Rxb2 31. a4 Rxb1 32. Rxb1 Ne2+ 33. Kf1 Nc3 34. Re1 Nxe4 35. Rxe4 b2 36. Rb4 Rd1+ 0-1


[Site "https://www.chess.com"]

[Event "Titled Tuesday Blitz August 15 Late 2023"]
[White "Naroditsky, Daniel"]
[Black "Taboas Rodriguez, Daniel"]
[WhiteFideId "2026961"]
[BlackFideId "2208466"]
[WhiteElo "3167"]
[BlackElo "2504"]
[Result "1-0"]
[Round "1"]
[TimeControl "180+1"]
[Date "2023.08.15"]
[WhiteClock "0:00:06"]
[BlackClock "0:00:00"]
[Board "2"]

1. e4 e5 2. Nf3 Nc6 3. Nc3 Nf6 4. d4 exd4 5. Nd5 Be7 6. Bd3 d6 7. h3 O-O 8. O-O Be6 9. Nxe7+ Qxe7 10. Bg5 h6 11. Bh4 Bd7 12. Re1 Qe6 13. Qd2 Rae8 14. Qf4 Nh5 15. Qd2 g5 16. Bg3 Qf6 17. Nh2 Nf4 18. Bf1 Qg6 19. Bxf4 gxf4 20. Qxf4 Bxh3 21. Rad1 Bd7 22. Rd3 Re5 23. Nf3 Rh5 24. Nxd4 Nxd4 25. Rxd4 Re8 26. Re3 Rg5 27. f3 Bc6 28. Rd2 Kg7 29. Kf2 Qf6 30. Qxf6+ Kxf6 31. c4 h5 32. b4 a6 33. Rb3 h4 34. b5 axb5 35. cxb5 Bd7 36. Rc2 Rc8 37. a4 Rc5 38. Rxc5 dxc5 39. a5 Ra8 40. a6 Bc8 41. axb7 Bxb7 42. Rc3 Ra2+ 43. Be2 c6 44. bxc6 Ba6 45. Re3 Ke5 46. c7 Kd6 47. c8=Q Bxc8 48. Kf1 Be6 49. Rc3 Ra5 50. Kf2 Ke5 51. Ke3 Kd6 52. f4 Ra4 53. Bf3 Rd4 54. e5+ Kd7 55. Rxc5 Rb4 56. Ra5 Rb3+ 57. Kf2 Rb2+ 58. Kg1 Ke7 59. Ra8 Rb4 60. Bc6 f5 61. Ra7+ Kf8 62. Ra8+ Ke7 63. Ra7+ Kf8 64. Bf3 Rxf4 65. Ra6 Ke7 66. Ra7+ Ke8 67. Kf2 Rb4 68. Ra8+ Ke7 69. Ra7+ Kf8 70. Ke3 f4+ 71. Kd3 h3 72. gxh3 Bxh3 73. Bd5 Bf5+ 74. Kc3 Rb5 75. Kc4 Rb2 76. Rf7+ Ke8 77. Rxf5 Rf2 78. Kc5 Ke7 79. Rf7+ Ke8 80. Kd6 Rb2 81. Rxf4 Rb6+ 82. Bc6+ 1-0


[Site "https://www.chess.com"]

[Event "Titled Tuesday Blitz August 15 Late 2023"]
[White "Arutla, Aditya"]
[Black "Firouzja, Alireza"]
[WhiteFideId "30961998"]
[BlackFideId "12573981"]
[WhiteElo "2504"]
[BlackElo "3121"]
[Result "0-1"]
[Round "1"]
[TimeControl "180+1"]
[Date "2023.08.15"]
[WhiteClock "0:00:08"]
[BlackClock "0:00:41"]
[Board "3"]

1. d4 Nf6 2. Bf4 e6 3. e3 b6 4. Qf3 Nc6 5. Nc3 Bb7 6. O-O-O Be7 7. Nge2 O-O 8. g4 Na5 9. e4 d5 10. e5 Nd7 11. Qg3 c5 12. Be3 Rc8 13. h4 Nc4 14. g5 cxd4 15. Bxd4 b5 16. f4 Qa5 17. g6 b4 18. gxh7+ Kxh7 19. Rg1 Rg8 20. Qg4 g6 21. Nb1 Qxa2 22. h5 g5 23. Ng3 gxf4 24. Bd3+ Kh8 25. Qf3 fxg3 26. Qxf7 Bg5+ 0-1


[Site "https://www.chess.com"]

[Event "Titled Tuesday Blitz August 15 Late 2023"]
[White "Vachier-Lagrave, Maxime"]
[Black "Soderstrom, Adrian"]
[WhiteFideId "623539"]
[BlackFideId "1745786"]
[WhiteElo "3119"]
[BlackElo "2503"]
[Result "1-0"]
[Round "1"]
[TimeControl "180+1"]
[Date "2023.08.15"]
[WhiteClock "0:01:04"]
[BlackClock "0:00:42"]
[Board "4"]

1. d4 Nf6 2. c4 e5 3. dxe5 Ng4 4. e4 Nxe5 5. f4 Nec6 6. Nf3 Bc5 7. a3 a5 8. Nc3 d6 9. Bd3 O-O 10. h3 f5 11. Bd2 fxe4 12. Nxe4 Nd7 13. Qc2 Nd4 14. Nxd4 Bxd4 15. O-O-O h6 16. g4 Nc5 17. Nxc5 dxc5 18. Rde1 Ra6 19. Rhf1 a4 20. Be4 Qh4 21. g5 hxg5 22. fxg5 Rxf1 23. Rxf1 Qxh3 24. Rh1 Qb3 25. Bd5+ Kf8 26. Rh8+ Ke7 27. Rxc8 Qh3 28. Qe4+ Kd7 29. Qe8+ Kd6 30. Rd8+ 1-0


[Site "https://www.chess.com"]

[Event "Titled Tuesday Blitz August 15 Late 2023"]
[White "Rengifo Blancas, Renzo Jhonathan"]
[Black "Fedoseev, Vladimir"]
[WhiteFideId "3807185"]
[BlackFideId "24130737"]
[WhiteElo "2503"]
[BlackElo "3118"]
[Result "0-1"]
[Round "1"]
[TimeControl "180+1"]
[Date "2023.08.15"]
[WhiteClock "0:00:21"]
[BlackClock "0:01:42"]
[Board "5"]

1. e4 c6 2. d4 d5 3. Nc3 dxe4 4. Nxe4 Nf6 5. Nxf6+ exf6 6. c3 Bd6 7. Bd3 O-O 8. Qh5 Re8+ 9. Be3 f5 10. O-O-O g6 11. Qf3 Nd7 12. Ne2 Nf6 13. Bg5 Be7 14. Bc4 Ne4 15. Bxe7 Qxe7 16. Ng3 Qg5+ 17. Kc2 Be6 18. Bd3 Bd5 19. Bxe4 Rxe4 20. c4 Rf4 21. Qe3 Bxc4 22. d5 Bxd5 23. h4 Rc4+ 24. Kb1 Qxe3 25. fxe3 Rg4 26. Ne2 Re8 27. Nf4 Bxg2 28. Rhg1 Bf3 29. Rxg4 fxg4 30. Rd7 Rxe3 31. Kc2 g3 32. h5 gxh5 33. Nxh5 Bxh5 34. Kd2 g2 35. Rd8+ Kg7 36. Kxe3 g1=Q+ 37. Kf4 Qf2+ 38. Kg5 Qf6+ 39. Kxh5 Qxd8 40. b4 Qd4 41. a4 Qf4 42. b5 h6 43. bxc6 Qg5# 0-1


[Site "https://www.chess.com"]

[Event "Titled Tuesday Blitz August 15 Late 2023"]
[White "Bortnyk, Olexandr"]
[Black "Castella Garcia, Fausto"]
[WhiteFideId "14120828"]
[BlackFideId "3501922"]
[WhiteElo "3086"]
[BlackElo "2502"]
[Result "1-0"]
[Round "1"]
[TimeControl "180+1"]
[Date "2023.08.15"]
[WhiteClock "0:02:03"]
[BlackClock "0:02:03"]
[Board "6"]

1. e4 c5 2. c3 d6 3. d4 Nf6 4. Bd3 g6 5. dxc5 dxc5 6. e5 Ng4 7. Qe2 Nc6 8. f4 Nb8 9. h3 Nh6 10. g4 Nc6 11. Be3 Be6 12. Nd2 f6 13. exf6 exf6 14. f5 1-0


[Site "https://www.chess.com"]

[Event "Titled Tuesday Blitz August 15 Late 2023"]
[White "Reprintsev, Alexander"]
[Black "Sarana, Alexey"]
[WhiteFideId "14100541"]
[BlackFideId "24133795"]
[WhiteElo "2501"]
[BlackElo "3082"]
[Result "1/2-1/2"]
[Round "1"]
[TimeControl "180+1"]
[Date "2023.08.15"]
[WhiteClock "0:00:06"]
[BlackClock "0:00:12"]
[Board "7"]

1. e4 e5 2. Nf3 Nc6 3. Bc4 Bc5 4. b4 Bxb4 5. c3 Ba5 6. d4 d6 7. Qb3 Qe7 8. d5 Nf6 9. dxc6 bxc6 10. Nbd2 O-O 11. O-O Bg4 12. Qc2 d5 13. Bd3 Rad8 14. a4 Rfe8 15. Ba3 Qd7 16. Bc5 Bb6 17. Bxb6 axb6 18. a5 bxa5 19. Rxa5 h6 20. Rfa1 Nh5 21. Bf1 Nf4 22. c4 dxe4 23. Nxe5 Rxe5 24. Rxe5 Qxd2 25. Qxd2 Rxd2 26. Rxe4 g5 27. g3 Nh3+ 28. Bxh3 Bxh3 29. Re7 Rc2 30. Rxc7 Rxc4 31. f3 Rc2 32. Re1 Rg2+ 33. Kh1 Rc2 34. Kg1 Be6 35. h4 gxh4 36. gxh4 Bd5 37. Re3 Kg7 38. Rd3 Rb2 39. Rd7 Be6 40. Rc7 Bd5 41. Rd7 Rb5 42. Kf2 h5 43. Kg3 Ra5 44. Rd6 Rc5 45. Rd4 Be6 46. Re4 Kf6 47. Rf4+ Ke7 48. Rdd4 Rc3 49. Rfe4 Kf6 50. Kf4 Bd5 51. Re3 Rc5 52. Red3 Be6 53. Kg3 Rc1 54. Rf4+ Ke7 55. Rfd4 c5 56. Ra4 Rg1+ 57. Kf4 Rc1 58. Ke5 Re1+ 59. Re4 Rf1 60. Ra4 Re1+ 61. Re4 Ra1 62. Kf4 Kf6 63. Rc3 Ra5 64. Re2 Ra4+ 65. Kg3 c4 66. Re4 Kf5 67. Rf4+ Ke5 68. Re4+ Kd5 69. Kf4 Kc5 70. Rc2 Kb4 71. Kg5 Ra5+ 72. Kh6 Kb3 73. Ree2 c3 74. f4 Rf5 75. Rc1 Rxf4 76. Kxh5 Rf3 77. Rec2 Rg3 78. Rf2 Kc4 79. Kh6 Kd4 80. h5 f5 81. Rd1+ Kc4 82. Re1 Bd7 83. Rf4+ Kb3 84. Re7 Bc6 85. Rxf5 c2 86. Re1 Kb2 87. Rff1 Bb5 88. Rg1 Rh3 89. Rh1 Rg3 90. Rhg1 Rf3 91. Kg5 Bd3 92. h6 Rh3 93. Rh1 Rg3+ 94. Kf4 Rg8 95. Ke5 Re8+ 96. Kf6 Rf8+ 97. Kg7 Rd8 98. h7 Rd7+ 99. Kg8 Rd8+ 100. Kg7 Bxh7 101. Kxh7 Rc8 102. Kg6 Rg8+ 103. Kf5 Rf8+ 104. Ke4 Rd8 105. Ke3 Kc3 106. Kf3 Rd2 107. Kg3 Kb2 108. Kf3 Rd3+ 109. Ke4 Rd8 110. Ke3 Re8+ 111. Kf2 Rf8+ 112. Kg2 Rf7 113. Kg3 Rf6 114. Kg4 Rf2 115. Kg3 Rd2 116. Rhf1 Rd8 117. Kf3 Rf8+ 118. Ke4 Rc8 119. Kd5 c1=Q 120. Rxc1 Rxc1 121. Rxc1 Kxc1 1/2-1/2


[Site "https://www.chess.com"]

[Event "Titled Tuesday Blitz August 15 Late 2023"]
[White "Aronian, Levon"]
[Black "szachmistrz2500"]
[WhiteFideId "13300474"]
[WhiteElo "3074"]
[BlackElo "2493"]
[Result "1-0"]
[Round "1"]
[TimeControl "180+1"]
[Date "2023.08.15"]
[WhiteClock "0:02:11"]
[BlackClock "0:02:05"]
[Board "8"]

1. e4 c5 2. Nf3 d6 3. c3 Nf6 4. Be2 Nc6 5. d4 cxd4 6. cxd4 d5 7. e5 Ne4 8. O-O e6 9. Ne1 h6 10. f3 Ng5 11. Be3 Bd7 12. Nc3 Rc8 13. Rc1 Na5 14. f4 Ne4 15. Nxe4 dxe4 16. Rxc8 Qxc8 17. d5 Bc5 18. Nc2 Ba4 19. b3 Nxb3 20. axb3 Bxb3 21. Qb1 Bxc2 22. Qb5+ Kf8 23. Qxc5+ Qxc5 24. Bxc5+ Ke8 25. Bb5+ Kd8 26. dxe6 fxe6 27. Bxa7 Kc7 28. Rc1 b6 29. Rxc2+ Kb7 30. Bc6+ Kxa7 31. Ra2+ Kb8 32. Bxe4 1-0


[Site "https://www.chess.com"]

[Event "Titled Tuesday Blitz August 15 Late 2023"]
[White "Seletsky, Grigory"]
[Black "Duda, Jan-Krzysztof"]
[WhiteFideId "14112191"]
[BlackFideId "1170546"]
[WhiteElo "2489"]
[BlackElo "3049"]
[Result "0-1"]
[Round "1"]
[TimeControl "180+1"]
[Date "2023.08.15"]
[WhiteClock "0:00:00"]
[BlackClock "0:00:49"]
[Board "9"]

1. e4 b6 2. d4 Bb7 3. f3 e6 4. c3 g6 5. Be3 Bg7 6. Bd3 d6 7. Nd2 Nd7 8. Ne2 Ne7 9. a4 a6 10. O-O O-O 11. f4 f5 12. Qb3 d5 13. e5 a5 14. Nf3 Bh6 15. h3 Ba6 16. Bxa6 Rxa6 17. g4 c6 18. g5 Bg7 19. h4 Qc7 20. Ng3 Rb8 21. h5 b5 22. h6 Bf8 23. axb5 cxb5 24. Ra2 Nc6 25. Nd2 a4 26. Qd1 Nb6 27. Qe2 Nc4 28. Nxc4 dxc4 29. Rfa1 Ne7 30. Nf1 Nd5 31. Bd2 Rba8 32. Qd1 Qc6 33. Kf2 Kf7 34. Kg3 Ke8 35. Qf3 Kd7 36. Ne3 Nb6 37. Qxc6+ Kxc6 38. Kf3 a3 39. bxa3 Rxa3 40. Rxa3 Rxa3 41. Rxa3 Bxa3 42. Nc2 Be7 43. Ke2 Nd5 44. Kf3 b4 45. cxb4 c3 46. Bc1 Kb5 47. Ke2 Kc4 48. b5 Kxb5 49. Kd3 Bf8 50. Be3 Ka4 51. Bc1 Kb3 52. Be3 Ba3 53. Nxa3 Kxa3 54. Bc1+ Kb3 55. Be3 Nxe3 56. Kxe3 c2 57. Kd2 Kb2 58. d5 c1=Q+ 59. Kd3 Qxf4 60. dxe6 Qe4+ 0-1


[Site "https://www.chess.com"]

[Event "Titled Tuesday Blitz August 15 Late 2023"]
[White "Shimanov, Aleksandr"]
[Black "Tomb, Maroun"]
[WhiteFideId "4198603"]
[BlackFideId "5300398"]
[WhiteElo "3046"]
[BlackElo "2487"]
[Result "1-0"]
[Round "1"]
[TimeControl "180+1"]
[Date "2023.08.15"]
[WhiteClock "0:01:38"]
[BlackClock "0:00:31"]
[Board "10"]

1. d4 d6 2. Nf3 Nf6 3. g3 Nbd7 4. Bg2 e5 5. O-O c6 6. b3 Qc7 7. Bb2 Be7 8. c4 O-O 9. Nc3 a5 10. Rc1 Re8 11. e4 exd4 12. Nxd4 Nc5 13. Re1 Bf8 14. h3 h5 15. a3 Bd7 16. b4 axb4 17. axb4 Na6 18. Qb3 g6 19. Nc2 Bg7 20. Rcd1 Be6 21. Nd4 Bd7 22. Bc1 Nh7 23. Bf4 Be5 24. Be3 Nf8 25. Nf3 Ne6 26. Nxe5 dxe5 27. c5 Qc8 28. Na4 Qc7 29. Nb6 Rad8 30. Rd6 Nf8 31. Red1 Be6 32. Qc3 f6 33. f4 Bf7 34. fxe5 fxe5 35. h4 Qe7 36. Bg5 Rxd6 37. cxd6 Qe6 38. d7 Nxd7 39. Nxd7 Kh8 40. Nxe5 1-0


[Site "https://www.chess.com"]

[Event "Titled Tuesday Blitz August 15 Late 2023"]
[White "Michalczak, Thomas"]
[Black "Grischuk, Alexander"]
[WhiteFideId "4622634"]
[BlackFideId "4126025"]
[WhiteElo "2487"]
[BlackElo "3045"]
[Result "0-1"]
[Round "1"]
[TimeControl "180+1"]
[Date "2023.08.15"]
[WhiteClock "0:00:00"]
[BlackClock "0:00:02"]
[Board "11"]

1. e4 e6 2. d4 d5 3. Nc3 Bb4 4. e5 c5 5. a3 Bxc3+ 6. bxc3 Ne7 7. Qg4 cxd4 8. Qxg7 Rg8 9. Qxh7 Qc7 10. Ne2 Nbc6 11. f4 Bd7 12. Qd3 dxc3 13. Qxc3 Nf5 14. Rb1 d4 15. Qd3 O-O-O 16. Rg1 Nce7 17. g4 Nh4 18. Rg3 Bc6 19. Bd2 Kb8 20. h3 Ka8 21. Bb4 Nd5 22. Bd6 Qa5+ 23. Kf2 Nc3 24. Nxc3 dxc3 25. Qxc3 Qd5 26. Be2 Qe4 27. Qc4 Qg6 28. Bd3 Qh6 29. Rb4 Nf5 30. Bxf5 exf5 31. g5 Qh5 32. Ra4 Bxa4 33. Qxa4 Rc8 34. Rd3 Rc6 0-1


[Site "https://www.chess.com"]

[Event "Titled Tuesday Blitz August 15 Late 2023"]
[White "Dubov, Daniil"]
[Black "Bazilius, Augustinas"]
[WhiteFideId "24126055"]
[BlackFideId "12832251"]
[WhiteElo "3040"]
[BlackElo "2484"]
[Result "1-0"]
[Round "1"]
[TimeControl "180+1"]
[Date "2023.08.15"]
[WhiteClock "0:00:19"]
[BlackClock "0:00:00"]
[Board "12"]

1. Nf3 Nf6 2. g3 c5 3. c4 d5 4. cxd5 Nxd5 5. Bg2 Nc6 6. d4 cxd4 7. O-O e5 8. Nxe5 Bc5 9. Nxc6 bxc6 10. Qc2 Qe7 11. Bxd5 cxd5 12. b4 Bb6 13. Qc6+ Qd7 14. Qxa8 O-O 15. a4 Bb7 16. Qxf8+ Kxf8 17. Nd2 Qe7 18. a5 Bc7 19. b5 Bd6 20. Nf3 Qxe2 21. Nxd4 Qc4 22. Be3 Be5 23. Rac1 Qb4 24. Nc6 Qxb5 25. Bc5+ Kg8 26. Nxe5 d4 27. Rb1 Qxc5 28. Rxb7 Qxe5 29. Rxa7 h5 30. Rd7 Qxa5 31. Rxd4 g6 32. h4 Kg7 33. Rfd1 Qf5 34. Rf4 Qe6 35. Rd3 Qe1+ 36. Kh2 f5 37. Re3 Qa5 38. Rd4 Qc5 39. Red3 Kh6 40. Rd2 Qc3 41. Kg2 Qc6+ 42. Kg1 Qc1+ 43. Kh2 Qc5 44. Rf4 Qc3 45. Rd6 Qc5 46. Rf6 Kg7 47. Re6 Kf7 48. Ra6 Kg7 49. Raa4 Qb6 50. Ra2 Qc5 51. Rfa4 Kh6 52. Ra5 Qb6 53. Ra6 Qc5 54. Re6 Qd5 55. Raa6 Qc5 56. Kg1 Qc1+ 57. Kg2 Qc5 58. Rxg6+ Kh7 59. Rh6+ Kg7 60. Rhd6 Qc4 61. Rd7+ Kf8 62. Ra8+ 1-0


[Site "https://www.chess.com"]

[Event "Titled Tuesday Blitz August 15 Late 2023"]
[White "Kirillov, Dmitry"]
[Black "Bluebaum, Matthias"]
[WhiteFideId "34180572"]
[BlackFideId "24651516"]
[WhiteElo "2484"]
[BlackElo "3029"]
[Result "0-1"]
[Round "1"]
[TimeControl "180+1"]
[Date "2023.08.15"]
[WhiteClock "0:00:16"]
[BlackClock "0:01:26"]
[Board "13"]

1. d4 d5 2. c4 e6 3. Nc3 Bb4 4. Nf3 Nf6 5. Bg5 h6 6. Bxf6 Qxf6 7. e3 c5 8. cxd5 exd5 9. a3 Bxc3+ 10. bxc3 O-O 11. Be2 Bf5 12. O-O c4 13. Ne5 Nc6 14. f4 Qe6 15. g4 Be4 16. f5 Qd6 17. Bf3 Nxe5 18. Bxe4 dxe4 19. dxe5 Qxe5 20. Qd4 Qxd4 21. exd4 Rfe8 22. Rfe1 e3 23. Kg2 Re4 24. Kf3 Rae8 25. Rab1 e2 26. Rxb7 Re3+ 27. Kf2 Rxc3 28. Rxa7 Rh3 29. Kg2 Rd3 30. Rd7 c3 31. Rc7 Re4 32. h3 Ree3 33. a4 Rxd4 34. a5 Ra4 35. Kf2 Rxh3 36. Rxe2 Rh2+ 37. Ke3 Rxe2+ 38. Kxe2 Rxg4 39. Rxc3 Ra4 40. Rc8+ Kh7 41. Rc5 f6 42. Kf3 h5 43. Ke3 Kh6 44. Kd3 Kg5 45. Kc3 h4 46. Kb3 Ra1 47. Kb2 Re1 48. a6 Re7 49. Ra5 Ra7 50. Kc3 h3 51. Kd4 h2 52. Ra1 Rxa6 0-1


[Site "https://www.chess.com"]

[Event "Titled Tuesday Blitz August 15 Late 2023"]
[White "Kollars, Dmitrij"]
[Black "Itkis, Boris"]
[WhiteFideId "12909572"]
[BlackFideId "1209167"]
[WhiteElo "3023"]
[BlackElo "2483"]
[Result "1-0"]
[Round "1"]
[TimeControl "180+1"]
[Date "2023.08.15"]
[WhiteClock "0:00:40"]
[BlackClock "0:01:08"]
[Board "14"]

1. e4 e6 2. d4 d5 3. Nd2 c5 4. Ngf3 cxd4 5. Nxd4 Nc6 6. Bb5 Bd7 7. Nxc6 bxc6 8. Bd3 Bd6 9. Qe2 e5 10. c4 d4 11. c5 Bxc5 12. Nc4 Qe7 13. O-O Nf6 14. f4 exf4 15. Bxf4 Ng4 16. e5 O-O 17. Rae1 Ne3 18. Nxe3 dxe3 19. Kh1 Be6 20. Qh5 g6 21. Qh6 Rfe8 22. Bxe3 Bxe3 23. Rxe3 Qf8 24. Qg5 Bd5 25. h4 Re6 26. h5 Rae8 27. hxg6 hxg6 28. Rf6 Qg7 29. Kg1 Qf8 30. Bxg6 Rxf6 31. exf6 Rxe3 32. Bf5+ Kh8 33. Qh5+ 1-0


[Site "https://www.chess.com"]

[Event "Titled Tuesday Blitz August 15 Late 2023"]
[White "Molenda, Marcin"]
[Black "Martinez Alcantara, Jose Eduardo"]
[WhiteFideId "1173065"]
[BlackFideId "3805662"]
[WhiteElo "2481"]
[BlackElo "3017"]
[Result "0-1"]
[Round "1"]
[TimeControl "180+1"]
[Date "2023.08.15"]
[WhiteClock "0:00:58"]
[BlackClock "0:01:00"]
[Board "15"]

1. e4 c5 2. Nc3 d6 3. f4 Nc6 4. Nf3 g6 5. a4 Bg7 6. Bb5 Bd7 7. d3 a6 8. Bxc6 Bxc6 9. O-O Nf6 10. Qe1 O-O 11. Qh4 e6 12. f5 exf5 13. exf5 Nd5 14. Bg5 f6 15. fxg6 hxg6 16. Ne4 Qe7 17. Rae1 Qd7 18. c4 fxg5 19. Nexg5 Nf6 20. Ne6 Nh5 21. Nxg7 Qxg7 22. Ng5 Rxf1+ 23. Rxf1 Rf8 24. Rxf8+ Qxf8 25. g4 Qf4 0-1


[Site "https://www.chess.com"]

[Event "Titled Tuesday Blitz August 15 Late 2023"]
[White "Sadhwani, Raunak"]
[Black "Goncalves, Davi Sulzbacher"]
[WhiteFideId "35093487"]
[BlackFideId "2154510"]
[WhiteElo "3012"]
[BlackElo "2479"]
[Result "1-0"]
[Round "1"]
[TimeControl "180+1"]
[Date "2023.08.15"]
[WhiteClock "0:00:17"]
[BlackClock "0:00:00"]
[Board "16"]

1. b3 Nf6 2. Bb2 g6 3. Nf3 Bg7 4. g3 O-O 5. Bg2 d5 6. O-O c6 7. e3 a5 8. c4 Bf5 9. Re1 Nbd7 10. Nd4 Bd3 11. cxd5 Nxd5 12. Nc3 Bxd4 13. exd4 N7f6 14. Na4 Nb4 15. Nc5 b6 16. a3 bxc5 17. axb4 cxb4 18. Qf3 Bb5 19. d5 Nxd5 20. h4 Qd7 21. h5 Qf5 22. Qxf5 gxf5 23. Bxd5 cxd5 24. Rxe7 Bd3 25. Re5 Bc2 26. Rxd5 Bxb3 27. Rxf5 f6 28. Rfxa5 Rxa5 29. Rxa5 Rd8 30. d4 Bd5 31. Kf1 Kf7 32. Ke2 Ke6 33. g4 Rc8 34. Kd3 Bc4+ 35. Ke4 Be2 36. d5+ Kd7 37. f3 Rc4+ 38. Ke3 Bd1 39. Bxf6 Rc2 40. Be5 b3 41. Ra7+ Kc8 42. d6 Re2+ 43. Kf4 Rd2 44. Rc7+ Kd8 45. Rxh7 Rb2 46. Bxb2 1-0


[Site "https://www.chess.com"]

[Event "Titled Tuesday Blitz August 15 Late 2023"]
[White "Bochnicka, Vladimir"]
[Black "Andreikin, Dmitry"]
[WhiteFideId "14943450"]
[BlackFideId "4158814"]
[WhiteElo "2478"]
[BlackElo "3011"]
[Result "0-1"]
[Round "1"]
[TimeControl "180+1"]
[Date "2023.08.15"]
[WhiteClock "0:00:11"]
[BlackClock "0:01:53"]
[Board "17"]

1. e4 e5 2. Nf3 Nc6 3. Bc4 Bc5 4. c3 Nf6 5. d3 d6 6. Nbd2 h6 7. Nf1 Ng4 8. Ne3 Nxe3 9. Bxe3 Bb6 10. O-O Bg4 11. h3 Bh5 12. b4 Qf6 13. g4 Bg6 14. g5 Qe7 15. Nh4 Bxe3 16. Nxg6 Qxg5+ 17. Kh1 fxg6 18. fxe3 O-O-O 19. Qg4+ Qxg4 20. hxg4 Rdf8 21. Bf7 g5 22. Kg2 Kd8 23. a4 Ke7 24. Bg6 Rxf1 25. Rxf1 Rf8 26. Rxf8 Kxf8 27. Bf5 Ke7 28. Bc8 Nd8 29. d4 g6 30. c4 c5 31. dxe5 cxb4 0-1


[Site "https://www.chess.com"]

[Event "Titled Tuesday Blitz August 15 Late 2023"]
[White "Indjic, Aleksandar"]
[Black "Sam, Gabriel"]
[WhiteFideId "911925"]
[BlackFideId "75000776"]
[WhiteElo "3001"]
[BlackElo "2477"]
[Result "1-0"]
[Round "1"]
[TimeControl "180+1"]
[Date "2023.08.15"]
[WhiteClock "0:01:45"]
[BlackClock "0:00:11"]
[Board "18"]

1. d4 Nf6 2. Nf3 d5 3. Bg5 Ne4 4. Bf4 c5 5. e3 Nc6 6. c3 Bf5 7. Nbd2 e6 8. Nxe4 Bxe4 9. Ne5 f6 10. Nxc6 bxc6 11. Bd3 Bxd3 12. Qxd3 Bd6 13. O-O O-O 14. Bg3 cxd4 15. cxd4 c5 16. dxc5 Bxc5 17. Rac1 Bd6 18. Rc6 Bxg3 19. hxg3 Qd7 20. Qa6 e5 21. Rfc1 Rfd8 22. Rc7 Qe8 23. Rxa7 Rxa7 24. Qxa7 d4 25. Rc7 Qg6 26. exd4 exd4 27. Rd7 Re8 28. Qxd4 Re1+ 29. Kh2 Qh6+ 30. Qh4 Qc1 31. Rd8+ Kf7 32. Qh5+ g6 33. Qxh7+ Ke6 34. Qd7+ Ke5 35. Qd5# 1-0


[Site "https://www.chess.com"]

[Event "Titled Tuesday Blitz August 15 Late 2023"]
[White "MFatigue"]
[Black "Deac, Bogdan-Daniel"]
[BlackFideId "1226380"]
[WhiteElo "2476"]
[BlackElo "2989"]
[Result "0-1"]
[Round "1"]
[TimeControl "180+1"]
[Date "2023.08.15"]
[WhiteClock "0:01:59"]
[BlackClock "0:01:45"]
[Board "19"]

1. e4 Nf6 2. e5 Nd5 3. d4 d6 4. c4 Nb6 5. exd6 cxd6 6. d5 e6 7. Nc3 Be7 8. Nf3 O-O 9. Bd3 exd5 10. cxd5 Bg4 11. h3 Bh5 12. O-O N8d7 13. Be2 Re8 14. Nd4 Bxe2 15. Ndxe2 Bf6 16. Be3 Nc4 17. Bd4 Nxb2 18. Qb3 Nd3 19. Bxf6 Qxf6 20. Qxb7 N7c5 21. Qb5 Rab8 22. Qc4 Rb4 0-1


[Site "https://www.chess.com"]

[Event "Titled Tuesday Blitz August 15 Late 2023"]
[White "Xiong, Jeffery"]
[Black "Mortazavi, Ali"]
[WhiteFideId "2047640"]
[BlackFideId "401323"]
[WhiteElo "2973"]
[BlackElo "2475"]
[Result "1-0"]
[Round "1"]
[TimeControl "180+1"]
[Date "2023.08.15"]
[WhiteClock "0:02:21"]
[BlackClock "0:00:28"]
[Board "20"]

1. e4 c6 2. Nf3 d5 3. d3 g6 4. e5 h5 5. d4 Nh6 6. c3 Bf5 7. Be2 e6 8. O-O c5 9. Nbd2 Nc6 10. Nb3 c4 11. Nbd2 g5 12. b3 g4 13. Ne1 cxb3 14. axb3 h4 15. b4 g3 16. Nb3 gxh2+ 17. Kxh2 Rg8 18. Bf4 Ng4+ 19. Kh1 h3 20. g3 Ne7 21. Bb5+ Nc6 22. Na5 Qb6 23. Qa4 Rd8 24. Nxc6 bxc6 25. Bxc6+ Ke7 26. Qxa7+ 1-0


[Site "https://www.chess.com"]

[Event "Titled Tuesday Blitz August 15 Late 2023"]
[White "Kirk, Ezra"]
[Black "Drygalov, Sergey"]
[WhiteFideId "600067"]
[BlackFideId "24171743"]
[WhiteElo "2475"]
[BlackElo "2971"]
[Result "1-0"]
[Round "1"]
[TimeControl "180+1"]
[Date "2023.08.15"]
[WhiteClock "0:00:06"]
[BlackClock "0:00:19"]
[Board "21"]

1. Nf3 d5 2. d4 Nf6 3. c4 e6 4. Nc3 c6 5. g3 Nbd7 6. Bg2 dxc4 7. a4 a5 8. O-O Be7 9. Qc2 O-O 10. h4 h6 11. e4 b6 12. Nd2 Ba6 13. e5 Nd5 14. Nde4 Rc8 15. h5 c5 16. Be3 Nb4 17. Qe2 Nd3 18. Rad1 cxd4 19. Bxd4 N7c5 20. Qe3 Nxb2 21. Bxc5 Nxd1 22. Rxd1 Bxc5 23. Nxc5 Qc7 24. N5e4 Rcd8 25. Nd6 f6 26. Bh3 f5 27. Bg2 Qc5 28. Qxc5 bxc5 29. Bf1 Rb8 30. Ncb5 c3 31. Bc4 Kh8 32. Rc1 f4 33. Rxc3 fxg3 34. fxg3 Bb7 35. Bxe6 Bc6 36. Bf7 Bd7 37. e6 Bxe6 38. Bxe6 Rf6 39. Bf5 g6 40. hxg6 Kg7 41. g4 h5 42. gxh5 Kh6 43. Rg3 Rg8 44. Bg4 Kg5 45. Be6+ Kf4 46. Bg4 Kxg3 47. Ne4+ Kf4 48. Nxf6 Rd8 49. g7 c4 50. g8=Q Rxg8 51. Nxg8 Kxg4 52. h6 c3 53. Nxc3 Kg5 54. h7 Kf4 55. h8=Q Ke3 56. Qe5+ Kd3 57. Qxa5 Kc4 58. Qb5+ Kd4 59. a5 Ke3 60. Nd5+ Kd2 61. Nc7 Kc3 62. a6 Kd4 63. a7 Kc3 64. a8=Q Kc2 65. Qaa4+ Kc1 66. Qf1+ Kb2 67. Qe2+ Kc3 68. Qec2# 1-0


[Site "https://www.chess.com"]

[Event "Titled Tuesday Blitz August 15 Late 2023"]
[White "Paravyan, David"]
[Black "Jovic, Stanoje"]
[WhiteFideId "4194985"]
[BlackFideId "905020"]
[WhiteElo "2970"]
[BlackElo "2474"]
[Result "1-0"]
[Round "1"]
[TimeControl "180+1"]
[Date "2023.08.15"]
[WhiteClock "0:01:45"]
[BlackClock "0:00:00"]
[Board "22"]

1. e4 c6 2. d4 d5 3. e5 c5 4. Nf3 Nc6 5. dxc5 Bg4 6. c3 e6 7. Be3 Nge7 8. Nbd2 Ng6 9. Qa4 Bxf3 10. Nxf3 Be7 11. Bb5 Qc7 12. h4 O-O 13. h5 Ngxe5 14. h6 Nxf3+ 15. gxf3 g6 16. Kf1 a6 17. Be2 e5 18. Rd1 Rad8 19. f4 Bf6 20. fxe5 Bxe5 21. Bf3 d4 22. cxd4 Bf4 23. d5 Bxe3 24. d6 Qd7 25. fxe3 Rde8 26. Qf4 Ne5 27. Qf6 Qb5+ 28. Be2 1-0


[Site "https://www.chess.com"]

[Event "Titled Tuesday Blitz August 15 Late 2023"]
[White "Yang, Kevin"]
[Black "Grigoriants, Sergey"]
[WhiteFideId "30908485"]
[BlackFideId "4130804"]
[WhiteElo "2474"]
[BlackElo "2969"]
[Result "0-1"]
[Round "1"]
[TimeControl "180+1"]
[Date "2023.08.15"]
[WhiteClock "0:00:03"]
[BlackClock "0:00:48"]
[Board "23"]

1. d4 d5 2. Nc3 Nf6 3. Bf4 Bf5 4. e3 e6 5. Bd3 Bg6 6. h4 Bd6 7. Nge2 c5 8. dxc5 Bxc5 9. Nb5 Na6 10. a4 O-O 11. Ng3 Bxd3 12. Qxd3 Nb4 13. Qd2 a6 14. Nd4 Rc8 15. c3 Nc6 16. Nxc6 Rxc6 17. h5 h6 18. O-O Qe7 19. Be5 Ng4 20. Bd4 Qh4 21. Rfd1 Bd6 22. Nf1 Bh2+ 23. Nxh2 Qxh2+ 24. Kf1 e5 25. Ba7 Rf6 26. e4 d4 0-1


[Site "https://www.chess.com"]